 Dungeon Crawl Stone Soup version 0.21.0-3-g78d12a8 (webtiles) character file.

89 dobroeutro the Poker (level 4, -2/35 HPs)
             Began as a Demonspawn Fighter on Jan 17, 2018.
             Slain by a hound (5 damage)
             ... on level 3 of the Dungeon.
             The game lasted 00:01:56 (1466 turns).

dobroeutro the Poker (Demonspawn Fighter)           Turns: 1466, Time: 00:01:57

Health: -2/35      AC:  8    Str: 17    XL:     4   Next: 31%
Magic:  4/4        EV:  9    Int:  9    God:
Gold:   191        SH:  8    Dex: 13    Spells: 3/3 levels left

rFire    . . .     SeeInvis .   a - +0 trident
rCold    . . .     Gourm    .   c - +0 shield
rNeg     . . .     Faith    .   b - +0 scale mail
rPois    .         Spirit   .   (helmet restricted)
rElec    .         Reflect  .   p - +0 cloak
rCorr    .         Harm     .   (no gloves)
MR       .....                  m - +0 pair of boots
Stlth    ..........             (no amulet)
HPRegen  0.11/turn              j - +3 ring of evasion
MPRegen  0.09/turn              (no ring)

@: no status effects
A: horns 1, spiny 1
a: no special abilities


You were on level 3 of the Dungeon.
You were not hungry.

You visited 1 branch of the dungeon, and saw 3 of its levels.

You collected 191 gold pieces.

Inventory:

Hand Weapons
 a - a +0 trident (weapon)
Armour
 b - a +0 scale mail (worn)
 c - a +0 shield (worn)
 m - a +0 pair of boots (worn)
 p - a +0 cloak (worn)
Jewellery
 j - a +3 ring of evasion (left hand)
Scrolls
 g - a scroll of fear {unknown}
 h - 2 scrolls of remove curse {unknown}
 i - 3 scrolls of enchant armour {unknown}
 l - a scroll of identify {unknown}
 q - a scroll of amnesia {unknown}
Potions
 d - 3 potions of might
 e - 2 potions of heal wounds {unknown}
 k - a potion of degeneration {unknown}
 n - a potion of haste {unknown}
 o - a potion of curing {unknown}
 r - a potion of berserk rage {unknown}
Comestibles
 f - 9 rations


   Skills:
 - Level 3.0 Fighting
 + Level 4.2 Polearms
 - Level 2.6 Armour
 - Level 2.6 Shields


You had 3 spell levels left.
You didn't know any spells.

Dungeon Overview and Level Annotations

Branches:
Dungeon (3/15)

Altars:
Nemelex Xobeh
Qazlal
Sif Muna
Wu Jian
Xom


Innate Abilities, Weirdness & Mutations

You have a pair of small horns on your head.
You are partially covered in sharp spines.


Message History

You are too injured to fight recklessly!
You are too injured to fight recklessly!
You are too injured to fight recklessly!
You are too injured to fight recklessly!
You are too injured to fight recklessly!
You are too injured to fight recklessly!
You are too injured to fight recklessly!
You are too injured to fight recklessly!
You are too injured to fight recklessly!
Unknown command.
The hound is struck by your spines. The hound barely misses you.
The hound bites you.
* * * LOW HITPOINT WARNING * * *
The hound is struck by your spines. The hound bites you.
* * * LOW HITPOINT WARNING * * *
You barely miss the hound. Your headbutt misses the hound.
The hound is severely wounded.
You block the hound's attack. The hound bites you but does no damage.
The hound completely misses you. The hound bites you.
You die...

###......########
#.............. ..
#...#.>########
..###...##.#
........##.#
........##.# ####
.........#.# #..#
.........#.####..# #
.........@h.g...P#'#+#
........)#h###...'...#
.........#.# ##.P#...#
........##.# #..# ..#
........##.####..#####
........##.............
.....##################
#####


You could see 2 hounds and a gnoll.

Vanquished Creatures
  2 adders
  An ooze (D:3)
  2 dart slugs
  4 leopard geckos
  2 giant cockroaches (D:3)
  9 goblins
  6 hobgoblins
  6 jackals
  2 ball pythons
  4 bats
  4 frilled lizards
  6 kobolds
  9 rats
57 creatures vanquished.

Notes
Turn   | Place    | Note
-------+----------+-------------------------------------------
     0 | D:1      | dobroeutro the Demonspawn Fighter began the quest for the Orb.
     0 | D:1      | Reached XP level 1. HP: 18/18 MP: 1/1
    86 | D:1      | Reached skill level 2 in Polearms
   199 | D:1      | Gained mutation: You are partially covered in sharp spines. [demonic ancestry]
   199 | D:1      | Reached XP level 2. HP: 22/24 MP: 2/2
   470 | D:1      | Reached skill level 3 in Polearms
   605 | D:1      | Gained mutation: You have a pair of small horns on your head. [demonic ancestry]
   605 | D:1      | Reached XP level 3. HP: 29/29 MP: 3/3
   631 | D:2      | Found a stormy altar of Qazlal.
   645 | D:2      | Found a deep blue altar of Sif Muna.
  1058 | D:2      | Found a sparkling altar of Nemelex Xobeh.
  1060 | D:2      | Found a shimmering altar of Xom.
  1083 | D:2      | Found a faded altar of an unknown god.
  1152 | D:3      | Found an ornate altar of the Wu Jian Council.
  1195 | D:3      | Reached XP level 4. HP: 34/35 MP: 4/4
  1196 | D:3      | Reached skill level 4 in Polearms
  1466 | D:3      | Slain by a hound

Skill      XL: |  1  2  3  4 |
---------------+-------------+-----
Polearms       | 2 3 4 |  4.2
Fighting       | |  3.0
Armour         | |  2.6
Shields        | |  2.6

Action                   |  1- 3 |  4- 6 || total
-------------------------+-------+-------++-------
Melee: Trident           |   128 |    30 ||   158
       Headbutt          |     6 |     3 ||     9
  Eat: Chunk             |       |     2 ||     2
Armor: Scale mail        |    37 |     7 ||    44
Dodge: Dodged            |    27 |    13 ||    40
Block: Shield            |    54 |    16 ||    70
